 Dungeon Sprint DCSS version 0.16-a0-48-g63d8d37 (webtiles) character file.

803 zercules the Grappler (level 7, 0/85 HPs)
             Began as a Troll Monk on Aug 5, 2014.
             Was a High Priest of Cheibriados.
             Killed from afar by a deep elf mage (23 damage)
             ... with a stone arrow
             ... in the Dungeon (Sprint IX: "|||||||||||||||||||||||||||||").
             The game lasted 00:02:49 (221 turns).

zercules the Grappler (Troll Monk)                   Turns: 221, Time: 00:02:49

HP   0/85        AC  7     Str 35      XL: 7   Next: 59%
MP   3/3         EV 13     Int 19      God: Cheibriados [*****.]
Gold 0           SH  0     Dex 28      Spells:  0 memorised,  6 levels left

rFire  . . .     SeeInvis .       - Unarmed
rCold  . . .     Clarity  .     a - +0 robe
rNeg   . . .     rCorr    .     (shield restricted)
rPois  .         rRot     .     (helmet restricted)
rElec  .         Spirit   .     (no cloak)
SustAb .         Warding  .     (gloves unavailable)
rMut   .         NoTele   +     (boots unavailable)
Gourm  +                        (no amulet)
MR     .....                    p - +2 ring of protection
                                q - +3 ring of dexterity

@: very slow, not resistant to hostile enchantments, fairly stealthy
A: unfitting armour, claws 3, fast metabolism 3, gourmand, regeneration 2,
saprovore 2, shaggy fur 1, tough skin 2
a: Bend Time, Temporal Distortion, Slouch, Step From Time, Renounce Religion


You were in the Dungeon.
You worshipped Cheibriados.
Cheibriados was extremely pleased with you.
You were completely stuffed.

You visited 1 branch


Innate Abilities, Weirdness & Mutations

You are too large for most types of armour.
You have claws for hands.
Your metabolism is lightning-fast.
You like to eat raw meat.
You heal very quickly.
You can eat rotten meat.
You are covered in fur (AC +1).
You have very tough skin (AC +2).


   Skills:
 + Level 10.1 Fighting
 - Level 3.2 Dodging
 - Level 1.9 Stealth
 + Level 12.1 Unarmed Combat


You had 6 spell levels left.
You didn't know any spells.

Dungeon Overview and Level Annotations

Branches:
Dungeon (1/1)

Altars:
Cheibriados
Dithmenos
Elyvilon
Fedhas
Gozag
Kikubaaqudgha
Makhleb
Nemelex Xobeh
Okawaru
Qazlal
Sif Muna
Trog
Vehumet
Xom
Yredelemnul
Zin
The Shining One
Beogh
Jiyva
Lugonu

Inventory:

Armour
 a - a +0 robe (worn)
Magical devices
 o - a wand of draining (7)
Comestibles
 b - 2 meat rations
 i - 5 chunks of ogre flesh {@w1}
Scrolls
 h - 2 scrolls of blinking
 k - 3 scrolls of remove curse {@r8}
 m - 2 scrolls of amnesia
Jewellery
 p - a +2 ring of protection (right claw)
 q - a +3 ring of dexterity (left claw)
Potions
 c - 5 potions of curing {@q1}
 d - a potion of heal wounds {@q2}
 e - a potion of haste {@q3}
 f - 4 potions of magic
 g - a potion of berserk rage
 n - a potion of invisibility

#.#
#'#
#)#
#)#
#.#
#.#
#.#
#.#
#@#
#e#
#.#
#.#
#.#
#.#
#.#
#+#


You could see a deep elf mage (bleeding).


Message History

Your Unarmed Combat skill increases to level 10!
The sky beast flickers out of sight!
Deactivating autopickup; reactivate with Ctrl-A.
Something is blocking the doorway!
Something hits you. Something shocks you.
* * * LOW HITPOINT WARNING * * *
You eviscerate something!!!
Cheibriados thoroughly appreciates the change of pace.
You can now step out of the time flow.
Cheibriados raises the support of your attributes as your movement slows.
Reactivating autopickup.
Your Fighting skill increases to level 9!
You feel a bit more experienced.
You scratch the komodo dragon.
The komodo dragon is lightly wounded.
The komodo dragon misses you.
You claw the komodo dragon!
The komodo dragon is moderately wounded.
The komodo dragon bites you!!
* * * LOW HITPOINT WARNING * * *
Drink which item? (? for menu, Esc to quit)
You feel much better. The komodo dragon bites you.
* * * LOW HITPOINT WARNING * * *
You closely miss the komodo dragon.
The komodo dragon is moderately wounded.
The komodo dragon misses you.
You claw the komodo dragon!
The komodo dragon is severely wounded.
You closely miss the komodo dragon. You claw the komodo dragon.
The komodo dragon is severely wounded.
The komodo dragon bites you!!
* * * LOW HITPOINT WARNING * * *
Drink which item? (? for menu, Esc to quit)
You feel much better. The komodo dragon bites you!
* * * LOW HITPOINT WARNING * * *
You mangle the komodo dragon!!
You kill the komodo dragon!
Cheibriados appreciates the change of pace.
Cheibriados raises the support of your attributes as your movement slows.
Your Unarmed Combat skill increases to level 11!
You have reached level 7!
You mangle the giant frog!!
The giant frog is severely wounded.
The giant frog hits you but does no damage.
You closely miss the giant frog.
The giant frog is severely wounded.
The giant frog barely misses you.
The giant frog hits you but does no damage.
You closely miss the giant frog.
The giant frog is severely wounded.
The giant frog barely misses you.
You mangle the giant frog!!
You kill the giant frog!
Cheibriados thoroughly appreciates the change of pace.
Cheibriados raises the support of your attributes as your movement slows.
Your Fighting skill increases to level 10!
Your Unarmed Combat skill increases to level 12!
The deep elf mage gestures at you while chanting.
The stone arrow hits you!
* * * LOW HITPOINT WARNING * * *
The deep elf mage points at you and mumbles some strange words.
The stone arrow hits you! The deep elf mage closely misses you.
There is an open door, spattered with blood here.
Things that are here:
a giant frog corpse; a komodo dragon corpse You barely miss the deep elf mage.
You mangle the deep elf mage!!
The deep elf mage is severely wounded.
The deep elf mage gestures at you while chanting.
The stone arrow hits you!
You die...

Action                   |  1- 3 |  4- 6 |  7- 9 || total
-------------------------+-------+-------+-------++-------
Melee: Unarmed           |    39 |    35 |     6 ||    80
  Use: Potion            |       |     2 |       ||     2
 Stab: Distracted        |     1 |       |       ||     1
  Eat: Chunk             |     3 |     4 |       ||     7

Vault maps used:
D:        linesprint

Notes
Turn   | Place    | Note
--------------------------------------------------------------
     0 | D        | zercules, the Troll Monk, began the quest for the Orb.
     0 | D        | Reached XP level 1. HP: 22/22 MP: 1/1
    19 | D        | Reached skill level 3 in Fighting
    19 | D        | Reached skill level 3 in Dodging
    19 | D        | Reached XP level 2. HP: 22/31 MP: 1/1
    30 | D        | Noticed a worker ant
    49 | D        | Killed a worker ant
    49 | D        | Reached skill level 4 in Fighting
    49 | D        | Reached skill level 5 in Unarmed Combat
    49 | D        | Reached XP level 3. HP: 23/39 MP: 2/2
    96 | D        | Found a glowing silver altar of Zin.
    96 | D        | Found a glowing golden altar of the Shining One.
    96 | D        | Found an ancient bone altar of Kikubaaqudgha.
    96 | D        | Found a basalt altar of Yredelemnul.
    96 | D        | Found a shimmering altar of Xom.
    96 | D        | Found a radiant altar of Vehumet.
    96 | D        | Found an iron altar of Okawaru.
    97 | D        | Found a burning altar of Makhleb.
    98 | D        | Found a deep blue altar of Sif Muna.
    99 | D        | Found a bloodstained altar of Trog.
   100 | D        | Found a sparkling altar of Nemelex Xobeh.
   101 | D        | Found a white marble altar of Elyvilon.
   102 | D        | Found a roughly hewn altar of Beogh.
   103 | D        | Found a viscous altar of Jiyva.
   104 | D        | Found a corrupted altar of Lugonu.
   105 | D        | Found a blossoming altar of Fedhas.
   106 | D        | Found a snail-covered altar of Cheibriados.
   107 | D        | Found a shadowy altar of Dithmenos.
   108 | D        | Found a stormy altar of Qazlal.
   109 | D        | Found an opulent altar of Gozag.
   115 | D        | Became a worshipper of Cheibriados the Contemplative
   140 | D        | Noticed an ogre
   140 | D        | Noticed an ogre
   140 | D        | Noticed a crimson imp
   140 | D        | Noticed a crimson imp
   145 | D        | Killed an ogre
   145 | D        | Acquired Cheibriados' first power
   145 | D        | Reached skill level 5 in Fighting
   145 | D        | Reached skill level 7 in Unarmed Combat
   145 | D        | Reached XP level 4. HP: 36/52 MP: 2/2
   149 | D        | Killed an ogre
   149 | D        | Reached skill level 6 in Fighting
   149 | D        | Reached skill level 8 in Unarmed Combat
   149 | D        | Reached XP level 5. HP: 43/61 MP: 2/2
   152 | D        | Killed a crimson imp
   152 | D        | Reached skill level 7 in Fighting
   152 | D        | Reached skill level 9 in Unarmed Combat
   155 | D        | Acquired Cheibriados' second power
   162 | D        | Killed a crimson imp
   162 | D        | Reached XP level 6. HP: 57/71 MP: 3/3
   188 | D        | Noticed a sky beast
   188 | D        | Noticed a yak
   188 | D        | Noticed a komodo dragon
   188 | D        | Noticed a giant frog
   188 | D        | Noticed a deep elf mage
   203 | D        | Killed a yak
   203 | D        | Reached skill level 8 in Fighting
   203 | D        | Reached skill level 10 in Unarmed Combat
   206 | D        | Killed a sky beast
   206 | D        | Acquired Cheibriados' third power
   206 | D        | Reached skill level 9 in Fighting
   208 | D        | HP: 11/75 [komodo dragon (26)]
   214 | D        | Killed a komodo dragon
   214 | D        | Reached skill level 11 in Unarmed Combat
   214 | D        | Reached XP level 7. HP: 29/84 MP: 3/3
   218 | D        | Killed a giant frog
   218 | D        | Reached skill level 10 in Fighting
   218 | D        | Reached skill level 12 in Unarmed Combat
   218 | D        | HP: 21/85 [deep elf mage/stone arrow (10)]
   221 | D        | Killed from afar by a deep elf mage

Vanquished Creatures
  A komodo dragon (D)
  A yak (D)
  A sky beast (D)
  2 ogres (D)
  A giant frog (D)
  2 crimson imps (D)
  A worker ant (D)
  A gnoll (D)
  2 orcs (D)
  A giant cockroach (D)
  2 hobgoblins (D)
  2 bats (D)
  A giant newt skeleton (D)
  A goblin (D)
  A hobgoblin skeleton (D)
  A rat (D)
21 creatures vanquished.
